TOP OF THE 1ST |
Mexico City Cerveceros batting - Pitching for Lansing Lugnuts : RHP Raúl Contreras
|
Pitching: RHP Raúl Contreras
|
|
Batting: RHB Dan Mason
|
0-0: Bunt for hit - play at first, batter OUT! 5-3
|
Batting: RHB Murai Ishihara
|
0-0: Foul Ball, location: 2F 0-1: Ground out 5-3 (Groundball, 5)
|
Batting: LHB Tony Abete
|
0-0: Called Strike 0-1: Called Strike 0-2: Strikes out swinging
|
Top of the 1st over - 0 run(s), 0 hit(s), 0 error(s), 0 left on base; Mexico City 0 - Lansing 0 |
BOTTOM OF THE 1ST |
Lansing Lugnuts batting - Pitching for Mexico City Cerveceros : RHP Jack Walker
|
Pitching: RHP Jack Walker
|
|
Batting: RHB Lu-fang Huie
|
0-0: Called Strike 0-1: Ball 1-1: Called Strike 1-2: Foul Ball, location: 2F 1-2: Ball 2-2: Foul Ball, location: 2F 2-2: Ball 3-2: DOUBLE (Line Drive, 8LXD)
|
Batting: RHB Gilberto López
|
0-0: Swinging Strike Balk! Lu-fang Huie to third 0-1: Foul Ball, location: 2F 0-2: Ball 1-2: Foul Ball, location: 2F 1-2: Ball 2-2: Foul Ball, location: 2F 2-2: Ball 3-2: Base on Balls
|
Batting: LHB Lewis Barr
|
0-0: Ball 1-0: Called Strike 1-1: Foul Ball, location: 2F 1-2: Ball 2-2: Strikes out swinging
|
Batting: LHB Damon Mitchell
|
0-0: Foul Ball, location: 2F 0-1: Ball 1-1: Swinging Strike 1-2: Fly out, F8 (Flyball, 8RD) Runner from 3rd tags up, SCORES, no throw
|
Batting: RHB Júlio Caraballo
|
0-0: Called Strike 0-1: SINGLE (Line Drive, 6M) Gilberto López to second Runner from 2nd tries for 3rd, SAFE, no throw or cutoff
|
Batting: RHB Steve Hathaway
|
0-0: Swinging Strike 0-1: Ball 1-1: Foul Ball, location: 2F 1-2: Ball 2-2: Fly out, F8 (Flyball, 8LXD)
|
Bottom of the 1st over - 1 run(s), 2 hit(s), 0 error(s), 2 left on base; Mexico City 0 - Lansing 1 |
TOP OF THE 2ND |
Mexico City Cerveceros batting - Pitching for Lansing Lugnuts : RHP Raúl Contreras
|
Batting: RHB Dave Morgan
|
0-0: Swinging Strike 0-1: Swinging Strike 0-2: Ball 1-2: Foul Ball, location: 2F 1-2: Ground out 5-3 (Groundball, 5S)
|
Batting: LHB Eduardo Gómez
|
0-0: Ball 1-0: Called Strike 1-1: SOLO HOME RUN (Flyball, 9D), Distance : 390 ft
|
Batting: LHB Chad Weaver
|
0-0: Foul Ball, location: 2F 0-1: Swinging Strike 0-2: Foul Ball, location: 2F 0-2: Strikes out looking
|
Batting: RHB Reynold Akker
|
0-0: Fly out, F8 (Popup, 8LS)
|
Top of the 2nd over - 1 run(s), 1 hit(s), 0 error(s), 0 left on base; Mexico City 1 - Lansing 1 |
BOTTOM OF THE 2ND |
Lansing Lugnuts batting - Pitching for Mexico City Cerveceros : RHP Jack Walker
|
Batting: RHB Rafael González
|
0-0: Ball 1-0: Ball 2-0: Foul Ball, location: 2F 2-1: Ball 3-1: Fly out, F8 (Flyball, 8RD)
|
Batting: RHB Taki Chikafuji
|
0-0: Swinging Strike 0-1: Called Strike 0-2: Strikes out swinging
|
Batting: RHB Tony Reyes
|
0-0: Swinging Strike 0-1: Swinging Strike 0-2: Strikes out swinging
|
Bottom of the 2nd over - 0 run(s), 0 hit(s), 0 error(s), 0 left on base; Mexico City 1 - Lansing 1 |
TOP OF THE 3RD |
Mexico City Cerveceros batting - Pitching for Lansing Lugnuts : RHP Raúl Contreras
|
Batting: LHB Javier Escobedo
|
0-0: Ball 1-0: Called Strike 1-1: Foul Ball, location: 2F 1-2: Ball 2-2: Ball 3-2: Ground out 5-3 (Groundball, 56S)
|
Batting: LHB Jesús Núñez
|
0-0: Ball 1-0: Ball 2-0: Ball 3-0: Called Strike 3-1: Reached on error, E6 (Groundball, 6M)
|
Batting: RHB Dan Mason
|
0-0: Called Strike 0-1: Ball 1-1: Ball 2-1: Swinging Strike 2-2: Ball 3-2: Foul Ball, location: 2F 3-2: Ground out 6-3 (Groundball, 6)
|
Batting: RHB Murai Ishihara
|
0-0: Ball 1-0: Ball 2-0: Called Strike 2-1: Ground out 4-3 (Groundball, 4)
|
Top of the 3rd over - 0 run(s), 0 hit(s), 1 error(s), 1 left on base; Mexico City 1 - Lansing 1 |
BOTTOM OF THE 3RD |
Lansing Lugnuts batting - Pitching for Mexico City Cerveceros : RHP Jack Walker
|
Batting: RHB Lu-fang Huie
|
0-0: Ball 1-0: Called Strike 1-1: Swinging Strike 1-2: Strikes out swinging
|
Batting: RHB Gilberto López
|
0-0: Ball 1-0: Ball 2-0: Called Strike 2-1: Ball 3-1: Base on Balls
|
Batting: LHB Lewis Barr
|
0-0: Ball Gilberto López steals 2nd base 1-0: Foul Ball, location: 2F 1-1: Called Strike 1-2: Strikes out swinging
|
Batting: LHB Damon Mitchell
|
0-0: Ball 1-0: Ball Wild Pitch! Gilberto López to third 2-0: Ball 3-0: Called Strike 3-1: SINGLE (Line Drive, 56D) Gilberto López scores
|
Batting: RHB Júlio Caraballo
|
0-0: Called Strike 0-1: Called Strike 0-2: Strikes out looking
|
Bottom of the 3rd over - 1 run(s), 1 hit(s), 0 error(s), 1 left on base; Mexico City 1 - Lansing 2 |
TOP OF THE 4TH |
Mexico City Cerveceros batting - Pitching for Lansing Lugnuts : RHP Raúl Contreras
|
Batting: LHB Tony Abete
|
0-0: SINGLE (Line Drive, 7S)
|
Batting: RHB Dave Morgan
|
0-0: Called Strike 0-1: Fielders Choice at 2nd, 1-6 (Groundball, 13S)
|
Batting: LHB Eduardo Gómez
|
0-0: Ball 1-0: Ball 2-0: Ball 3-0: Called Strike 3-1: Foul Ball, location: 2F 3-2: Fly out, F2 (Popup, 2LF)
|
Batting: LHB Chad Weaver
|
0-0: Ball 1-0: Ball 2-0: Called Strike 2-1: Called Strike 2-2: Strikes out looking
|
Top of the 4th over - 0 run(s), 1 hit(s), 0 error(s), 1 left on base; Mexico City 1 - Lansing 2 |
BOTTOM OF THE 4TH |
Lansing Lugnuts batting - Pitching for Mexico City Cerveceros : RHP Jack Walker
|
Batting: RHB Steve Hathaway
|
0-0: Foul Ball, location: 2F 0-1: Ball 1-1: Swinging Strike 1-2: Foul Ball, location: 2F 1-2: Ball 2-2: Fly out, F8 (Flyball, 8LXD)
|
Batting: RHB Rafael González
|
0-0: Called Strike 0-1: Ball 1-1: Ground out 6-3 (Groundball, 6S)
|
Batting: RHB Taki Chikafuji
|
0-0: Foul Ball, location: 2F 0-1: Ball 1-1: Ball 2-1: Swinging Strike 2-2: Ball 3-2: Ground out 6-3 (Groundball, 6M)
|
Bottom of the 4th over - 0 run(s), 0 hit(s), 0 error(s), 0 left on base; Mexico City 1 - Lansing 2 |
TOP OF THE 5TH |
Mexico City Cerveceros batting - Pitching for Lansing Lugnuts : RHP Raúl Contreras
|
Batting: RHB Reynold Akker
|
0-0: Ball 1-0: Foul Ball, location: 2F 1-1: Ball 2-1: Called Strike 2-2: Ground out 4-3 (Groundball, 4)
|
Batting: LHB Javier Escobedo
|
0-0: Called Strike 0-1: Ball 1-1: Ball 2-1: Swinging Strike 2-2: Foul Ball, location: 2F 2-2: SINGLE (Line Drive, 34D)
|
Batting: LHB Jesús Núñez
|
0-0: Fielders Choice at 2nd, 6-4 (Groundball, 56)
|
Batting: RHB Dan Mason
|
0-0: Ball 1-0: Ball 2-0: Ground out 4-3 (Groundball, 4)
|
Top of the 5th over - 0 run(s), 1 hit(s), 0 error(s), 1 left on base; Mexico City 1 - Lansing 2 |
BOTTOM OF THE 5TH |
Lansing Lugnuts batting - Pitching for Mexico City Cerveceros : RHP Jack Walker
|
Batting: RHB Tony Reyes
|
0-0: Ball 1-0: Ball 2-0: Called Strike 2-1: Foul Ball, location: 2F 2-2: Ball 3-2: Strikes out swinging
|
Batting: RHB Lu-fang Huie
|
0-0: Ground out 4-3 (Groundball, 6M)
|
Batting: RHB Gilberto López
|
0-0: Ball 1-0: Ball 2-0: Ground out 5-3 (Groundball, 56S)
|
Bottom of the 5th over - 0 run(s), 0 hit(s), 0 error(s), 0 left on base; Mexico City 1 - Lansing 2 |
TOP OF THE 6TH |
Mexico City Cerveceros batting - Pitching for Lansing Lugnuts : RHP Raúl Contreras
|
Batting: RHB Murai Ishihara
|
0-0: Ball 1-0: Ball 2-0: Foul Ball, location: 2F 2-1: Foul Ball, location: 2F 2-2: Hit by Pitch
|
Batting: LHB Tony Abete
|
0-0: Ball 1-0: Fly out, F6 (Popup, 56D)
|
Batting: RHB Dave Morgan
|
0-0: Ball Murai Ishihara steals 2nd base 1-0: Ball 2-0: Called Strike 2-1: Swinging Strike 2-2: Strikes out looking
|
Batting: LHB Eduardo Gómez
|
0-0: Called Strike 0-1: Foul Ball, location: 2F 0-2: Ball 1-2: Ball 2-2: Ball 3-2: Base on Balls
|
Batting: LHB Chad Weaver
|
0-0: Ball 1-0: Swinging Strike 1-1: Ball 2-1: Ball 3-1: Base on Balls Murai Ishihara to third Eduardo Gómez to second
|
Batting: RHB Reynold Akker
|
0-0: Swinging Strike 0-1: Ball 1-1: Ball 2-1: Ball 3-1: Swinging Strike 3-2: Foul Ball, location: 2F 3-2: Strikes out swinging
|
Top of the 6th over - 0 run(s), 0 hit(s), 0 error(s), 3 left on base; Mexico City 1 - Lansing 2 |
BOTTOM OF THE 6TH |
Lansing Lugnuts batting - Pitching for Mexico City Cerveceros : RHP Jack Walker
|
Batting: LHB Lewis Barr
|
0-0: Ball 1-0: Ball 2-0: Called Strike 2-1: Called Strike 2-2: DOUBLE (Groundball, 5L)
|
Batting: LHB Damon Mitchell
|
0-0: Ball 1-0: Ball 2-0: Ball 3-0: Called Strike 3-1: 2-RUN HOME RUN (Flyball, 89XD), Distance : 415 ft
|
Batting: RHB Júlio Caraballo
|
0-0: Called Strike 0-1: Ball 1-1: Foul Ball, location: 2F 1-2: Hit by Pitch
|
Pitching: RHP Jared Cameron
|
|
Batting: RHB Steve Hathaway
|
0-0: Called Strike 0-1: Ball 1-1: Called Strike 1-2: Strikes out swinging
|
Batting: RHB Rafael González
|
0-0: Ball 1-0: Foul Ball, location: 2F 1-1: Swinging Strike 1-2: Fielders Choice at 2nd, 6-4 (Groundball, 6)
|
Batting: RHB Taki Chikafuji
|
0-0: Ground out 5-3 (Groundball, 5L)
|
Bottom of the 6th over - 2 run(s), 2 hit(s), 0 error(s), 1 left on base; Mexico City 1 - Lansing 4 |
TOP OF THE 7TH |
Mexico City Cerveceros batting - Pitching for Lansing Lugnuts : RHP Raúl Contreras
|
Pitching: LHP Craig Bowling
|
|
Batting: LHB Javier Escobedo
|
0-0: Foul Ball, location: 2F 0-1: Ball 1-1: Swinging Strike 1-2: Ball 2-2: Ball 3-2: Base on Balls
|
Batting: LHB Jesús Núñez
|
0-0: Ball 1-0: Ball 2-0: Ball 3-0: Base on Balls Javier Escobedo to second
|
Batting: RHB Dan Mason
|
0-0: Called Strike 0-1: Ball 1-1: Foul Ball, location: 2F 1-2: Ball 2-2: Fly out, F8 (Line Drive, 78M)
|
Batting: RHB Murai Ishihara
|
0-0: Called Strike 0-1: Swinging Strike 0-2: Ball 1-2: Foul Ball, location: 2F 1-2: Foul Ball, location: 2F 1-2: Ball 2-2: SINGLE (Groundball, 6MD) Javier Escobedo to third Jesús Núñez to second Runner from 3rd tries for Home, SAFE, no throw or cutoff
|
Pitching: RHP Paul McKee
|
|
Batting: LHB Tony Abete
|
0-0: Called Strike 0-1: Ball 1-1: Ground out 5-3 (Groundball, 5S) Jesús Núñez to third Murai Ishihara to second
|
Batting: RHB Dave Morgan
|
0-0: Foul Ball, location: 2F 0-1: Ground out 6-3 (Groundball, 6)
|
Top of the 7th over - 1 run(s), 1 hit(s), 0 error(s), 2 left on base; Mexico City 2 - Lansing 4 |
BOTTOM OF THE 7TH |
Lansing Lugnuts batting - Pitching for Mexico City Cerveceros : RHP Jared Cameron
|
Batting: RHB Tony Reyes
|
0-0: Called Strike 0-1: Foul Ball, location: 2F 0-2: Strikes out swinging
|
Batting: RHB Lu-fang Huie
|
0-0: Called Strike 0-1: Ground out 5-3 (Groundball, 5S)
|
Batting: RHB Gilberto López
|
0-0: Ball 1-0: Ground out 5-3 (Groundball, 5S)
|
Bottom of the 7th over - 0 run(s), 0 hit(s), 0 error(s), 0 left on base; Mexico City 2 - Lansing 4 |
TOP OF THE 8TH |
Mexico City Cerveceros batting - Pitching for Lansing Lugnuts : RHP Paul McKee
|
Now at C: Gordon Langley
|
|
Now in CF: Wallace Franklin
|
|
Batting: LHB Eduardo Gómez
|
0-0: Ball 1-0: Ball 2-0: Foul Ball, location: 2F 2-1: SINGLE (Line Drive, 8RS)
|
Pitching: RHP Juan Álvarez
|
|
Batting: LHB Chad Weaver
|
0-0: Ball 1-0: Foul Ball, location: 2F 1-1: Foul Ball, location: 2F 1-2: Foul Ball, location: 2F 1-2: Strikes out looking
|
Batting: RHB Reynold Akker
|
0-0: Called Strike 0-1: Ball 1-1: Ball 2-1: Ball 3-1: Base on Balls Eduardo Gómez to second
|
Pitching: LHP Paul Moore
|
|
Pinch Hitting: RHB Pablo Trujillo
|
0-0: Ball 1-0: Ball 2-0: Called Strike 2-1: Ball 3-1: Base on Balls Eduardo Gómez to third Reynold Akker to second
|
Pinch Hitting: RHB Carl Martin
|
0-0: Called Strike 0-1: Fly out, F9 (Flyball, 9LS)
|
Pitching: RHP Bob Newton
|
|
Pinch Hitting: LHB Brandon Cummings
|
0-0: Ground out 4-3 (Groundball, 4)
|
Top of the 8th over - 0 run(s), 1 hit(s), 0 error(s), 3 left on base; Mexico City 2 - Lansing 4 |
BOTTOM OF THE 8TH |
Lansing Lugnuts batting - Pitching for Mexico City Cerveceros : RHP Jared Cameron
|
Pitching: RHP David Escobido
|
|
Now at 3B: Jesús Ramírez
|
|
Now at SS: Ricardo Márquez
|
|
Now in CF: Brandon Cummings
|
|
Batting: LHB Lewis Barr
|
0-0: Foul Ball, location: 2F 0-1: Swinging Strike 0-2: Ground out 4-3 (Groundball, 4S)
|
Batting: LHB Damon Mitchell
|
0-0: Ball 1-0: Ball 2-0: Ball 3-0: Base on Balls
|
Batting: RHB Júlio Caraballo
|
0-0: Swinging Strike 0-1: Ball 1-1: Called Strike 1-2: Foul Ball, location: 2F 1-2: Strikes out swinging
|
Batting: RHB Steve Hathaway
|
0-0: Called Strike 0-1: Fly out, F9 (Flyball, 89XD)
|
Bottom of the 8th over - 0 run(s), 0 hit(s), 0 error(s), 1 left on base; Mexico City 2 - Lansing 4 |
TOP OF THE 9TH |
Mexico City Cerveceros batting - Pitching for Lansing Lugnuts : RHP Bob Newton
|
Pitching: RHP Dave Rhodes
|
|
Batting: RHB Murai Ishihara
|
0-0: Ball 1-0: Ground out U3 (Groundball, 3L)
|
Batting: LHB Tony Abete
|
0-0: Swinging Strike 0-1: Ball 1-1: Ball 2-1: Ball 3-1: Foul Ball, location: 2F 3-2: Base on Balls
|
Batting: RHB Dave Morgan
|
0-0: Grounds into double play, 5-4-3 (Groundball, 5L)
|
Top of the 9th over - 0 run(s), 0 hit(s), 0 error(s), 0 left on base; Mexico City 2 - Lansing 4 |
|